 Dungeon Crawl Stone Soup version 0.21-a0-213-gae198ad (webtiles) character file.

8797 Lavandula the Frost Mage (level 11, -3/81 (82) HPs)
             Began as a Ghoul Ice Elementalist on Aug 22, 2017.
             Was a Believer of Hepliaklqana.
             Slain by a soul eater (12 damage)
             ... summoned by an orc high priest
             ... on level 1 of the Orcish Mines.
             The game lasted 01:04:40 (6233 turns).

Lavandula the Frost Mage (Ghoul Ice Elementalist)   Turns: 6233, Time: 01:04:41

HP:   -3/81 (82)    AC:  6    Str: 13    XL:     11   Next: 36%
MP:   7/16          EV: 13    Int: 12    God:    Hepliaklqana [**....]
Gold: 1140          SH:  0    Dex: 10    Spells: 11/19 levels left

rFire    . . .     SeeInvis +   i - +6 whip (elec)
rCold    + + .     Gourm    .   (no shield)
rNeg     + + +     Faith    .   J - +1 leather armour {rC+}
rPois    ∞         Spirit   .   r - +0 helmet
rElec    .         Reflect  .   (no cloak)
rCorr    .         Harm     .   w - +0 pair of gloves
MR       .....                  (no boots)
Stlth    ++........             (no amulet)
HPRegen  0.00/turn              v - ring of see invisible
MPRegen  0.15/turn              C - ring of flight

@: rotting
A: rotting body, reduced essence, claws 1, carnivore 3, cold resistance 1,
negative energy resistance 3, inhibited regeneration, torment resistance,
unbreathing
a: Recall Ancestor, Ancestor Identity, Renounce Religion, Evoke Flight


You were on level 1 of the Orcish Mines.
You worshipped Hepliaklqana.
Hepliaklqana was pleased with you.
You were not hungry.

You visited 3 branches of the dungeon, and saw 15 of its levels.

You collected 1140 gold pieces.

Inventory:

Hand Weapons
 i - a +6 whip of electrocution (weapon)
Missiles
 I - 3 javelins (quivered)
Armour
 k - a +0 ring mail of poison resistance
 r - a +0 helmet (worn)
 w - a +0 pair of gloves (worn)
 J - a +1 leather armour of cold resistance (worn)
Jewellery
 v - a ring of see invisible (left hand)
 C - a ring of flight (right hand)
Wands
 n - a wand of paralysis (8/24)
 o - a wand of flame (16/48)
 x - a wand of lightning (0/15)
 y - a wand of flame (15/48)
Scrolls
 a - a scroll of noise
 d - a scroll of fog {unknown}
 j - 4 scrolls of teleportation
 l - a scroll of fear
 m - 2 scrolls of remove curse
 s - a scroll of recharging
 A - a scroll of torment {unknown}
 B - a scroll of enchant armour {unknown}
 G - a scroll of blinking {unknown}
 H - a scroll of brand weapon {unknown}
Potions
 e - 2 potions of haste
 f - a potion of flight
 q - a potion of curing
 t - a potion of lignification
 u - 2 potions of might
 z - a potion of brilliance
 F - a potion of ambrosia {unknown}
Books
 b - a book of Frost

   Spells                             Type                      Level
   a - Freeze                         Ice                          1
   b - Throw Frost                    Conjuration/Ice              2
   c - Ozocubu's Armour               Charms/Ice                   3
   d - Throw Icicle                   Conjuration/Ice              4
   e - Summon Ice Beast               Ice/Summoning                4
Comestibles
 c - 5 meat rations
 g - a royal jelly


   Skills:
 - Level 7.4 Fighting
 - Level 8.5 Maces & Flails
 + Level 5.2 Dodging
 - Level 2.1 Stealth
 - Level 2.7 Unarmed Combat
 - Level 4.5 Spellcasting
   Level 0.7 Conjurations
 - Level 2.0 Charms
 - Level 5.0 Summonings
 - Level 9.6 Ice Magic


You had 11 spell levels left.
You knew the following spells:

 Your Spells              Type           Power        Failure   Level  Hunger
a - Freeze                Ice            ####         1%          1    None
b - Ozocubu's Armour      Chrm/Ice       ###.....     7%          3    ###....
c - Summon Ice Beast      Ice/Summ       ###.....     13%         4    ####...


Dungeon Overview and Level Annotations

Branches:
Dungeon (12/15)            Temple (1/1) D:7            Lair (0/6) D:11
    Orc (2/2) D:11
    Elf: Orc:2

Altars:
Dithmenos
Elyvilon
Fedhas
Gozag
Hepliaklqana
Kikubaaqudgha
Makhleb
Nemelex Xobeh
Okawaru
Qazlal
Ru
Sif Muna
Trog
Uskayaw
Vehumet
Wu Jian
Xom
Yredelemnul
Zin

Shops:
Orc:2 *=

Portals:
Trove: D:10 (give 21 scrolls of identify)

Annotations:
D:4 exclusion: ogre
D:5 Grinder
D:9 WhatIsLove's ghost, novice DsGl
D:10 Nergalle
D:11 exclusions: downstairs and yak, Erolcha; Fannar; Psyche
D:12 Frances


Innate Abilities, Weirdness & Mutations

Your body is rotting away.
You thrive on raw meat.
You are immune to poison.
You have sharp fingernails.
You are carnivorous and can eat meat at any time.
Your flesh is cold resistant. (rC+)
You are immune to negative energy. (rN+++)
You do not regenerate when monsters are visible.
You are immune to unholy pain and torment.
You can survive without breathing.
Your life essence is reduced to manifest your ancestor. (-10% HP)


Message History

The ice devil closely misses you.
Unknown command.
You feel your flesh rotting away. The soul eater hits you!
* * * LOW HITPOINT WARNING * * *
The orc high priest cheers loudly.
The orc high priest no longer looks unusually strong.
The orc high priest mumbles some strange prayers to Beogh against you.
Beogh smites you!
* * * LOW HITPOINT WARNING * * *
Your icy armour starts to melt.
Your magical contamination has completely faded away.
Okay, then.
The ice devil disappears in a puff of smoke!
Things that are here:
a robe; a dagger Your icy armour evaporates.
There is a staircase back to the Dungeon here.
The soul eater hits you!
You die...

###.........).....#.......##...
##..........(>.#.#.....####.#
##..........(....#..#####...
##.....#.###......#####.....
#.....######...o...###.....#
#.......#.#....##[..o......#
##...........[..##..........
#..........3..#####.#......
#.........@..## ##.......
##...........# ##....##
#.#........## #....#.
#...#.....### ##...#.
##.####...# ##.... ## ##...##
## #.... #.....# ##.##....
##.....# ##........ ####.##
#.........


You could see a soul eater and an orc high priest.

Vanquished Creatures
  A stone giant (Orc:1)
  Pikel (D:6)
  3 orc knights
  2 trolls (Orc:1)
  A hippogriff (D:11)
  2 yaks (D:10)
  Menkaure (D:6)
  3 wargs (Orc:1)
  4 orc warriors
  A phantom (D:4)
  2 ice beasts (D:10)
  An eye of draining (D:10)
  2 ogres
  A centaur (D:10)
  7 wights
  3 crimson imps
  A quasit (D:9)
  A bullfrog zombie (D:8)
  A centaur zombie (D:7)
  2 jellies (D:9)
  6 orc wizards
  7 orc priests
  5 hounds
  Jessica (D:3)
  2 battlemagi
  An iguana (D:12)
  5 worker ants
  A hound skeleton (D:9)
  Robin (D:3)
  12 adders
  A river rat (D:5)
  An ooze (D:3)
  22 orcs
  2 giant cockroaches
  10 hobgoblins
  8 jackals
  5 kobolds
  2 quokkas
  2 bats
  2 frilled lizards
  12 goblins (D:3)
  A leopard gecko skeleton (D:8)
  A quokka zombie (D:8)
  3 rats (D:3)
153 creatures vanquished.

Vanquished Creatures (collateral kills)
  An orc sorcerer (Orc:1)
  A troll (D:10)
  A wyvern (D:9)
  2 yaks (D:10)
  A hungry ghost (D:7)
  2 wargs
  5 orc warriors
  2 sky beasts
  3 ogres
  2 centaurs
  A crocodile (D:11)
  A bullfrog (D:10)
  A scorpion (D:10)
  3 wights (D:10)
  A jelly (D:10)
  An orc priest (D:9)
  8 orc wizards
  2 worker ants
  An adder (D:9)
  An adder zombie (D:9)
  13 orcs
  A jackal (D:11)
  A kobold (D:11)
55 creatures vanquished.

Vanquished Creatures (others)
  Blork the orc (D:6)
  6 battlemagi
  8 ancestors
  3 jackals (D:6)
18 creatures vanquished.

Grand Total: 226 creatures vanquished

Notes
Turn   | Place    | Note
-------+----------+-------------------------------------------
     0 | D:1      | Lavandula the Ghoul Ice Elementalist began the quest for the Orb.
     0 | D:1      | Reached XP level 1. HP: 14/14 MP: 2/2
    59 | D:2      | Reached XP level 2. HP: 2/20 MP: 0/4
   159 | D:3      | HP: 1/20 [kobold (1)]
   222 | D:2      | Found an iron altar of Okawaru.
   223 | D:2      | Found a white marble altar of Elyvilon.
   223 | D:2      | Found a glowing silver altar of Zin.
   236 | D:3      | Noticed Robin
   271 | D:2      | Reached XP level 3. HP: 5/25 MP: 0/6
   302 | D:2      | Found a bloodstained altar of Trog.
   307 | D:2      | Found a shimmering altar of Xom.
   330 | D:2      | You fall through a shaft!
   346 | D:4      | Found a blossoming altar of Fedhas.
   383 | D:4      | Noticed a phantom
   416 | D:5      | Entered Level 5 of the Dungeon
   449 | D:5      | Noticed Grinder
   469 | D:5      | Paralysed by Grinder for 6 turns
   496 | D:5      | Learned a level 3 spell: Ozocubu's Armour
   681 | D:4      | Reached skill level 4 in Ice Magic
   681 | D:4      | Reached XP level 4. HP: 22/33 MP: 1/7
   690 | D:4      | Learned a level 4 spell: Summon Ice Beast
   739 | D:3      | Noticed Jessica
   761 | D:3      | Killed Jessica
   788 | D:3      | Reached skill level 5 in Ice Magic
   799 | D:3      | Reached XP level 5. HP: 26/38 MP: 0/8
   908 | D:4      | Noticed an ogre
  1012 | D:3      | Found an ornate altar of the Wu Jian Council.
  1027 | D:3      | Found a radiant altar of Vehumet.
  1123 | D:3      | Killed Robin
  1148 | D:3      | Reached skill level 6 in Ice Magic
  1251 | D:3      | Reached skill level 1 in Summonings
  1251 | D:3      | Reached XP level 6. HP: 33/45 MP: 1/9
  1453 | D:4      | Killed a phantom
  1453 | D:4      | Reached skill level 1 in Charms
  1878 | D:7      | Reached XP level 7. HP: 45/50 MP: 0/10
  2051 | D:6      | Noticed Menkaure
  2061 | D:6      | Killed Menkaure
  2083 | D:6      | Noticed Pikel
  2109 | D:6      | Killed Pikel
  2109 | D:6      | Reached skill level 5 in Fighting
  2109 | D:6      | Reached XP level 8. HP: 17/68 MP: 3/11
  2144 | D:6      | Noticed Blork the orc
  2168 | D:6      | Killed Blork the orc
  2188 | D:7      | Found a staircase to the Ecumenical Temple.
  2217 | Temple   | Entered the Ecumenical Temple
  2264 | Temple   | Became a worshipper of Hepliaklqana the Forgotten
  2491 | D:8      | Found an ancient bone altar of Kikubaaqudgha.
  2554 | D:9      | Noticed WhatIsLove's ghost (novice DsGl)
  2557 | D:9      | Reached skill level 1 in Maces & Flails
  2616 | D:9      | Reached XP level 9. HP: 12/71 MP: 2/12
  3051 | D:10     | Entered Level 10 of the Dungeon
  3128 | D:12     | Reached * piety under Hepliaklqana
  3131 | D:12     | Noticed a six-headed hydra
  3162 | D:11     | Found a staircase to the Lair.
  3200 | D:12     | Noticed Frances
  3238 | D:12     | Reached skill level 5 in Summonings
  3245 | D:12     | Noticed a cyclops
  3309 | D:11     | Noticed Erolcha
  3309 | D:11     | Noticed a purple ugly thing
  3345 | D:11     | Noticed an elephant
  3552 | D:10     | Noticed Nergalle
  3705 | D:10     | Reached skill level 7 in Ice Magic
  3709 | D:10     | Reached XP level 10. HP: 45/76 MP: 2/15
  3767 | D:10     | Reached skill level 8 in Ice Magic
  3843 | D:10     | Found a portal to a secret trove of treasure.
  4051 | D:11     | Noticed Fannar
  4519 | D:11     | Noticed Psyche
  4585 | D:11     | Found a stormy altar of Qazlal.
  4656 | D:11     | Found a staircase to the Orcish Mines.
  4665 | Orc:1    | Entered Level 1 of the Orcish Mines
  4678 | Orc:1    | Reached ** piety under Hepliaklqana
  4679 | Orc:1    | Remembered your ancestor Rodica as a battlemage
  4713 | Orc:1    | Reached skill level 5 in Dodging
  4747 | Orc:1    | Noticed a stone giant
  4815 | Orc:1    | Killed a stone giant
  4815 | Orc:1    | Reached skill level 9 in Ice Magic
  4933 | Orc:1    | Noticed an orc knight
  4979 | D:11     | Reached skill level 5 in Maces & Flails
  5431 | Orc:2    | Entered Level 2 of the Orcish Mines
  5431 | Orc:2    | Found Woariof Idyrph's General Store.
  5431 | Orc:2    | Noticed an orc knight
  5431 | Orc:2    | Noticed an orc knight
  5431 | Orc:2    | Noticed an orc warlord
  5431 | Orc:2    | Noticed an orc knight
  5435 | Orc:2    | Noticed an orc high priest
  5488 | Orc:2    | Noticed a sixfirhy
  5492 | Orc:2    | Killed an orc knight
  5492 | Orc:2    | Reached XP level 11. HP: 68/82 MP: 2/16
  5556 | Orc:1    | Killed an orc knight
  5642 | Orc:2    | Found Irubboi's Jewellery Shoppe.
  5649 | Orc:2    | Noticed a sixfirhy
  5886 | Orc:2    | HP: 3/82 [cloud of flame (16)]
  5886 | Orc:2    | Killed an orc knight
  5968 | Orc:1    | Noticed an orc sorcerer
  5987 | Orc:1    | Killed an orc sorcerer
  6211 | Orc:1    | Noticed a soul eater
  6233 | Orc:1    | Slain by a soul eater

Vault maps used:
D:1:      onia_arrival_pyramid
D:2:      nicolae_overflow_quartered_altars, tso_altar,
          overflow_temple_1_default, solitary_fountain, uniq_sigmund
D:3:      grunt_temple_overflow_open, guppyfry_early_orc_mine, uniq_jessica,
          uniq_robin
D:4:      nicolae_overflow_crystal_walls, nrook_loot_triangle,
          dk_rats_in_the_wall
D:5:      first_bread, serial_shops, shop, uniq_grinder
D:6:      st_stairs_7, minmay_guarded_unrand_vampires_tooth, uniq_blork_the_orc,
          uniq_menkaure, uniq_pikel
D:7:      minmay_temple_entry_mist
D:8:      lemuel_coloured_pillars_altar, kennysheep_mini_moat,
          hangedman_little_slice_of_home, uniq_joseph
D:9:      lemuel_round_altar
D:10:     enter_trove_6, uniq_nergalle
D:11:     david_lair_generic, orc_0_dummy, basic_altar, uniq_erolcha,
          uniq_psyche, uniq_snorg, uniq_fannar
D:12:     nooodl_food_tri, uniq_frances, uniq_azrael
Temple:   cyrus_temple_forest
Orc:1:    cheibrodos_orc_guarddog
Orc:2:    grunt_orc_gardens, grunt_orc_garden, grunt_orc_garden,
          grunt_orc_garden, grunt_orc_garden, serial_shops, shop,
          nicolae_shop_trees, shop, shop

Skill      XL: |  1  2  3  4  5  6  7  8  9 10 11 |
---------------+----------------------------------+-----
Spellcasting   | 2 3 4 |  4.5
Ice Magic      | 4 5 6 7 9 |  9.6
Summonings     | 1 2 5 |  5.0
Charms         | 2 |  2.0
Unarmed Combat | 2 |  2.7
Fighting       | 5 7 |  7.4
Maces & Flails | 3 4 6 8 |  8.5
Dodging        | 5 |  5.2
Stealth        | |  2.1
Conjurations   | |  0.7

Action                   |  1- 3 |  4- 6 |  7- 9 | 10-12 || total
-------------------------+-------+-------+-------+-------++-------
Melee: Unarmed           |    28 |    96 |    35 |       ||   159
       Whip              |       |       |   169 |   134 ||   303
Throw: Javelin           |       |       |       |     2 ||     2
 Cast: Freeze            |    33 |    89 |    29 |     4 ||   155
       Summon Ice Beast  |       |     1 |    15 |    49 ||    65
       Ozocubu's Armour  |       |       |    11 |    15 ||    26
Invok: Recall Ancestor   |       |       |     1 |     4 ||     5
       Ancestor Life: Ba |       |       |       |     1 ||     1
Evoke: Wand              |       |     5 |    13 |     2 ||    20
  Use: Scroll            |     2 |     6 |     9 |     9 ||    26
       Potion            |       |       |     4 |     2 ||     6
 Stab: Sleeping          |     2 |     1 |       |     1 ||     4
       Paralysed         |       |     9 |    12 |     5 ||    26
       Distracted        |       |       |     1 |     1 ||     2
  Eat: Chunk             |    11 |    20 |    30 |    42 ||   103
       Royal jelly       |       |       |       |     1 ||     1
Armor: Robe              |     2 |    23 |    58 |    15 ||    98
       Leather armour    |       |       |       |     7 ||     7
Dodge: Dodged            |    40 |    84 |   146 |   109 ||   379

Table legend:
 A = Spawn XP
 B = Non-spawn XP
 C = Spawn XP percentage of total XP
 D = Spawn monster count
 E = Non-spawn monster count
 F = Spawn count percentage of total count
 G = Total turns spent on level
                    A         B        C        D         E        F      G
               +---------+---------+-------+---------+---------+-------+---------
         Total |    1341 |   11227 |  10.7 |      13 |     194 |   6.3 |  6233
               +---------+---------+-------+---------+---------+-------+---------
           D:1 |       0 |       2 |   0.0 |       0 |       2 |   0.0 |    43
           D:2 |       0 |      19 |   0.0 |       0 |       4 |   0.0 |   241
           D:3 |       5 |     181 |   2.7 |       3 |      37 |   7.5 |   597
           D:4 |       0 |     204 |   0.0 |       0 |       8 |   0.0 |   616
           D:5 |       0 |     114 |   0.0 |       0 |       8 |   0.0 |   200
           D:6 |       0 |     873 |   0.0 |       0 |       8 |   0.0 |   285
           D:7 |     180 |     170 |  51.4 |       1 |       8 |  11.1 |   333
           D:8 |       0 |     268 |   0.0 |       0 |       8 |   0.0 |   134
           D:9 |      48 |    1155 |   4.0 |       1 |      30 |   3.2 |   693
          D:10 |     112 |    2028 |   5.2 |       1 |      24 |   4.0 |   973
          D:11 |       0 |     820 |   0.0 |       0 |      12 |   0.0 |   501
          D:12 |       0 |     114 |   0.0 |       0 |       4 |   0.0 |    69
         Orc:1 |     996 |    3919 |  20.3 |       7 |      33 |  17.5 |  1394
         Orc:2 |       0 |    1360 |   0.0 |       0 |       8 |   0.0 |    65
               +---------+---------+-------+---------+---------+-------+---------
